 Dungeon Crawl Stone Soup version 0.28.0-43-g3370ac3207 (webtiles) character file.

Game seed: 1789373559733623610

94 issech the Cudgeller (level 4, -2/45 HPs)
             Began as a Troll Monk on Apr 1, 2022.
             Splashed by a jelly's acid (8 damage)
             ... on level 4 of the Dungeon.
             The game lasted 00:05:51 (2152 turns).

issech the Cudgeller (Troll Monk)                   Turns: 2152, Time: 00:05:52

Health: -2/45      AC: -4    Str: 19    XL:     4   Next: 38%
Magic:  3/3        EV: 10    Int: 12    God:
Gold:   111        SH:  0    Dex: 14    Spells: 3/3 levels left

rFire   . . .      SeeInvis .   a - +0 mace
rCold   . . .      Faith    .   (no shield)
rNeg    . . .      Spirit   .   h - +0 animal skin
rPois   .          Reflect  .   (helmet restricted)
rElec   .          Harm     .   (no cloak)
rCorr   .          Rampage  .   (gloves unavailable)
Will    .....                   (boots unavailable)
Stlth   ++........              (no amulet)
HPRegen 0.95/turn               m - +6 ring of intelligence
MPRegen 0.08/turn               (no ring)

@: corroded
A: large, unfitting armour, claws 3, regeneration 1, shaggy fur 1, tough skin 1
a: no special abilities


You were on level 4 of the Dungeon.
You visited 1 branch of the dungeon, and saw 4 of its levels.

You collected 111 gold pieces.

Inventory:

Hand Weapons
 a - a +0 mace (weapon)
 n - a +1 vorpal trident
Missiles
 c - 37 stones
 e - a boomerang (quivered)
 k - 8 bolts
Armour
 b - a +0 robe
 h - a +0 animal skin (worn)
Jewellery
 m - a +6 ring of intelligence (left claw)
Scrolls
 d - 3 scrolls of identify {unknown}
 i - a scroll of fog {unknown}
 j - a scroll of enchant armour {unknown}
 l - a scroll of silence {unknown}
 p - a scroll of immolation {unknown}
 r - a scroll of amnesia {unknown}
Potions
 f - a potion of invisibility {unknown}
 g - 3 potions of flight {unknown}
 o - a potion of curing {unknown}
 q - a potion of attraction {unknown}


   Skills:
 + Level 3.0 Fighting
 + Level 3.5 Maces & Flails
 + Level 0.2 Throwing
 + Level 3.1 Dodging
 + Level 1.1 Stealth


You had 3 spell levels left.
You didn't know any spells.
Your spell library contained the following spells:

 Spells                   Type           Power      Damage    Failure   Level
 Animate Skeleton         Necr           0%         N/A       32%         1
 Apportation              Tloc           0%         N/A       32%         1
 Summon Small Mammal      Summ           0%         N/A       32%         1
 Alistair's Intoxication  Tmut/Pois      0%         N/A       100%        5


Dungeon Overview and Level Annotations

Branches:
Dungeon (4/15)
 Temple: D:4-7

Altars:
Makhleb
The Shining One


Innate Abilities, Weirdness & Mutations

You are too large for most types of armour.
You have claws for hands.
Your natural rate of healing is unusually fast.
You are covered in fur. (AC +1)
You have tough skin. (AC +1)


Message History

The boomerang closely misses the quokka.
The kobold shouts!
The quokka bites you.
You hit the quokka.
The quokka is almost dead.
The quokka bites you.
A jelly comes into view.
You closely miss the quokka.
The quokka is almost dead.
The jelly quivers.
The quokka bites you. x2
You miss the quokka.
The quokka is almost dead.
The quokka bites you. The kobold hits you but does no damage.
You closely miss the quokka.
The quokka is almost dead.
The quokka bites you but does no damage.
The kobold barely misses you.
The quokka bites you but does no damage.
You hit the quokka.
You kill the quokka!
The kobold hits you with a +0 short sword.
The kobold closely misses you.
You hit the jelly. The acid corrodes you!
Your claws burn!
The jelly is moderately wounded.
The jelly closely misses you. The kobold closely misses you.
The jelly hits you.
You are splashed with acid!
You barely miss the jelly.
The jelly is moderately wounded.
The kobold closely misses you. The jelly hits you.
You are splashed with acid!
You hit the jelly but do no damage. The acid corrodes you!
Your claws burn!
* * * LOW HITPOINT WARNING * * *
The jelly is moderately wounded.
The kobold hits you with a +0 short sword.
* * * LOW HITPOINT WARNING * * *
The jelly barely misses you. The kobold barely misses you. The jelly hits you.
* * * LOW HITPOINT WARNING * * *
You are splashed with acid!
You die...

#+#
####.###
#...... .
..... #.
#..#
#..###.<#
........##
......K@.#
#.#...J..#
....######
#.#$ # #


You could see a jelly and a kobold.

Vanquished Creatures
  Robin (D:2)
  An adder (D:2)
  A white imp (D:3)
  2 worms (D:3)
  A dart slug (D:1)
  An orc (D:2)
  4 ball pythons
  7 endoplasms
  A giant cockroach (D:1)
  12 goblins
  4 hobgoblins
  4 quokkas
  7 bats
  4 frilled lizards
  2 kobolds
  5 rats
57 creatures vanquished.

Vanquished Creatures (others)
  A plant (D:1)
1 creature vanquished.

Grand Total: 58 creatures vanquished

Notes
Turn   | Place    | Note
-------+----------+-------------------------------------------
     0 | D:1      | issech the Troll Monk began the quest for the Orb.
     0 | D:1      | Reached XP level 1. HP: 22/22 MP: 0/0
   147 | D:1      | Reached XP level 2. HP: 29/29 MP: 1/1
   778 | D:1      | Found a faded altar of an unknown god.
  1006 | D:2      | Reached XP level 3. HP: 24/36 MP: 2/2
  1086 | D:2      | Noticed Robin
  1132 | D:2      | Killed Robin
  1635 | D:2      | Reached XP level 4. HP: 45/45 MP: 3/3
  1907 | D:3      | Found a burning altar of Makhleb.
  2042 | D:3      | Found a glowing golden altar of the Shining One.
  2152 | D:4      | Splashed by a jelly's acid

Illustrated notes

Levels and vault maps discovered:
D:1:      scummos_arrival_hexagon, layout_basic,
          dreamdust_ecumenical_altar_hidden_monk_grotto
D:2:      layout_loops_ring, uniq_robin
D:3:      layout_basic, lemuel_crystal_altar, nicolae_tso_carved_into_rock
D:4:      layout_gridville, serial_bayou_pond_c, minmay_surrounded

Skill      XL: |  1  2  3 |
---------------+----------+-----
Maces & Flails | 3 |  3.5
Fighting       | 3 |  3.0
Dodging        | 3 |  3.1
Throwing       | |  0.2
Stealth        | |  1.1

Action                   |  1- 3 |  4- 6 || total
-------------------------+-------+-------++-------
Melee: Mace              |   123 |    62 ||   185
       Punch             |     1 |       ||     1
Throw: Boomerang         |       |    26 ||    26
 Stab: Sleeping          |     4 |     1 ||     5
Armor: Robe              |    63 |       ||    63
       Animal skin       |       |    17 ||    17
Dodge: Dodged            |    88 |    30 ||   118
